 Dungeon Crawl Stone Soup version 0.18-a0-1655-ge2d8d33 (webtiles) character file.

436676 Chiseanne the Peltast (level 22, -3/190 HPs)
             Began as a Demonspawn Monk on Mar 28, 2016.
             Was a High Priest of Okawaru.
             Killed by divine providence
             ... invoked by a deep elf high priest
              (14 damage)
             ... on level 4 of the Depths on Mar 30, 2016.
             The game lasted 05:50:20 (68260 turns).

Chiseanne the Peltast (Demonspawn Monk)            Turns: 68260, Time: 05:50:21

Health: -3/190     AC: 41    Str: 12    XL:     22   Next: 94%
Magic:  0/49       EV: 13    Int: 21    God:    Okawaru [*****.]
Gold:   1370       SH: 27    Dex: 32    Spells: 10 memorised, 19 levels left

rFire  + + .     SeeInvis +       - Unarmed
rCold  + . .     Gourm    .     Z - +10 plate armour "Lowit" {rElec Regen+ Int+3 Slay+2}
rNeg   . . .     Faith    .     U - +4 large shield {reflect} {god gift}
rPois  +         Spirit   +     k - +1 hat {MR+}
rElec  +         Dismiss  .     I - +0 cloak of the Princeling {god gift, +Fly Regen+ Dex+5}
rCorr  .         Reflect  +     (gloves unavailable)
SustAt .         Harm     .     (boots unavailable)
MR     ++...                    B - amulet of guardian spirit
Stlth  +.........               g - ring "Asec" {rPois rF++ MP+9 Str-3 Dex+3}
                                X - ring of Hukewoag {Fragile Int+3 Dex+5 SInv Stlth+}

@: lethally poisoned (-3 -> -3), heroism, heavily drained, very resistant to
hostile enchantments, very unstealthy
A: antennae 2, claws 3, talons 3, cold resistance 1, demonic guardian 3,
icemail, robust 1, freezing cloud immunity, MP-powered wands
a: Heroism, Finesse, Renounce Religion, Evoke Flight
}: 2/15 runes: decaying, gossamer


You were on level 4 of the Depths.
You worshipped Okawaru.
Okawaru was extremely pleased with you.
You were not hungry.

You visited 8 branches of the dungeon, and saw 44 of its levels.
You visited the Abyss 2 times.
You also visited: Sewer, Bailey and Ice Cave.

You collected 5713 gold pieces.
You spent 4343 gold pieces at shops.

Inventory:

Hand Weapons
 a - a +1 scimitar of protection {god gift}
 s - the +9 long sword "Wyblaik" {god gift, flame, Dex+6}
   (Okawaru gifted it to you on level 2 of the Depths)

   It has been specially enchanted to burn those struck by it, causing extra
   injury to most foes and up to half again as much damage against particularly
   susceptible opponents.
   Big, fiery blades are also staple armaments of hydra-hunters.
   It affects your dexterity (+6).
 H - a +5 quick blade {god gift}
Armour
 k - a +1 hat of magic resistance (worn)
 C - a gold dragon hide
 I - the +0 cloak of the Princeling (worn) {god gift, +Fly Regen+ Dex+5}
   (Okawaru gifted it to you on level 2 of the Depths)

   It affects your dexterity (+5).
   It lets you fly.
   It increases your rate of regeneration.
 U - a +4 large shield of reflection (worn) {god gift}
 Z - the +10 plate armour "Lowit" (worn) {rElec Regen+ Int+3 Slay+2}
   (You found it on level 8 of the Lair of Beasts)

   It affects your intelligence (+3).
   It affects your accuracy and damage with ranged weapons and melee attacks
   (+2).
   It insulates you from electricity.
   It increases your rate of regeneration.
Magical Staves
 E - an uncursed staff of wizardry
Jewellery
 e - an uncursed ring of flight
 g - the ring "Asec" (right claw) {rPois rF++ MP+9 Str-3 Dex+3}
   (You took it off a deep elf annihilator on level 2 of the Elven Halls)

   [ring of dexterity]

   It affects your strength (-3).
   It affects your dexterity (+3).
   It greatly protects you from fire.
   It protects you from poison.
   It affects your magic capacity (+9).
 r - an uncursed ring of see invisible
 B - an amulet of guardian spirit (around neck)
 X - the ring of Hukewoag (left claw) {Fragile Int+3 Dex+5 SInv Stlth+}
   (You found it on level 2 of the Vaults)

   [ring of stealth]

   It affects your intelligence (+3).
   It affects your dexterity (+5).
   It lets you see invisible.
   It will be destroyed if unequipped.
   It makes you more stealthy.
Wands
 d - a wand of teleportation (4/9)
 i - a wand of heal wounds (3/9)
 q - a wand of disintegration (7/24)
 G - a wand of iceblast (7/15)
 N - a wand of digging (4/24)
Scrolls
 c - 7 scrolls of magic mapping
 o - 12 scrolls of remove curse
 w - 4 scrolls of silence
 A - 4 scrolls of fog
 D - 8 scrolls of teleportation
 L - 7 scrolls of fear
 M - 2 scrolls of identify
 O - a scroll of blinking
 P - 3 scrolls of recharging
Potions
 f - 9 potions of flight
 h - 2 potions of berserk rage
 l - a potion of resistance
 m - 2 potions of heal wounds
 n - a potion of haste
 v - 14 potions of curing
 x - a potion of cancellation
 z - 2 potions of agility
 J - 2 potions of ambrosia
 R - 2 potions of invisibility
Miscellaneous
 u - a stone of tremors
 y - a fan of gales
 F - a sack of spiders {used: 9}
 Q - a lamp of fire
 T - a box of beasts
 V - a phial of floods
 W - a box of beasts
Comestibles
 b - 17 bread rations
 p - 13 meat rations


   Skills:
 + Level 14.5(17.6) Fighting
 - Level 15.4(18.4) Armour
 - Level 11.9(15.0) Dodging
 - Level 1.7(5.3) Stealth
 - Level 18.5(21.4) Shields
 - Level 13.2(16.2) Unarmed Combat
 - Level 14.0(12.3) Spellcasting
 - Level 15.5(13.7) Hexes
 - Level 10.2(8.6) Transmutations
 - Level 8.0(6.5) Invocations


You had 19 spell levels left.
You knew the following spells:

 Your Spells              Type           Power        Failure   Level  Hunger
a - Confuse               Hex            ######..     2%          3    None
b - Tukima's Dance        Hex            ######..     2%          3    None
c - Cause Fear            Hex            ######....   10%         4    None
d - Blade Hands           Trmt           #####.....   99%         5    ####...
e - Passwall              Trmt/Erth      ####......   69%         2    None
f - Blink                 Tloc           N/A          100%        2    None
g - Apportation           Tloc           ##........   99%         1    None
h - Dazzling Spray        Conj/Hex       #####...     47%         3    None
i - Repel Missiles        Chrm/Air       ##....       100%        2    None
j - Silence               Hex/Air        #####.....   100%        5    ####...


Dungeon Overview and Level Annotations

Branches:
Dungeon (15/15)            Temple (0/1) D:7            Lair (8/8) D:10
  Swamp (4/4) Lair:3       Spider (4/4) Lair:5        Slime (0/6) Lair:8
    Orc (2/2) D:12            Elf (3/3) Orc:2        Vaults (4/5) D:14
  Crypt (0/3) Vaults:2     Depths (4/5) D:15

Altars:
Ashenzari
Dithmenos
Elyvilon
Fedhas
Kikubaaqudgha
Makhleb
Okawaru
Pakellas
Qazlal
Ru
Sif Muna
Trog
Vehumet
Xom
Yredelemnul
The Shining One
Beogh

Shops:
D:5 *   D:12 (***!   Orc:2 }*[%   Elf:2 [   Vaults:2 (   Depths:1 [
Depths:2 (   Depths:4 :%[!:

Portals:
Hell: Depths:1 Depths:2 Depths:3 Depths:4
Abyss: Depths:1 Depths:4
Pandemonium: Orc:2 Depths:3
Ziggurat: Depths:4
Trove: Elf:3 (give +3 gold dragon armour)

Annotations:
Orc:2 exclusion: 2 upstairs


Innate Abilities, Weirdness & Mutations

You have a pair of antennae on your head.
You have claws for hands.
You have claws for feet.
Your flesh is cold resistant.
A powerful demonic guardian rushes to your aid.
A meltable icy envelope protects you from harm (AC +10).
You are robust (+10% HP).
You are immune to freezing clouds.
You expend magic power (3 MP) to strengthen your wands.


Message History

You block the spriggan defender's attack.
You block the tengu reaver's attack.
The tengu reaver pecks you but does no damage.
The tengu reaver claws you but does no damage.
The sphinx casts a spell.
Something smites you!
* * * LOW HITPOINT WARNING * * *
You feel sick.
The sphinx casts a spell.
Something smites you!
* * * LOW HITPOINT WARNING * * *
The tengu reaver points at you and mumbles some strange words.
The bolt of acid hits you!
* * * LOW HITPOINT WARNING * * *
The acid burns!
* * * LOW HITPOINT WARNING * * *
The battlesphere fires!
The barrage of energy hits you!
The deep elf high priest calls down the wrath of its god upon you.
Something smites you!
You die...

.#..###########.#... ##..
.#....[.......#.#... #...#
.####.#########.##.##...#
.##..............#.#...#
.##.###.######.#.#H...#
....#........#.#*#eC.# ######
#####.###.##.#.#.u.i# ###.....
......#....#.#.#.#Q## #.+.....
#####.#....#.#..@..# #.#.....
......#....#)######## #......#
#####.#....#..".....# #.....##
......#.####.######.######..#.##.
#######.# ##.######.#......##....
......#.###.......#.#.....##..#.#
###.#.#.....#####.#.#........##..
#.#.#######...#.#.#.....#.##..#
#.#...........#.#.#....##....##


You could see a purple very ugly thing, a sphinx, a tengu reaver, a spriggan
defender, a deep elf high priest and a battlesphere.

Vanquished Creatures
  Boris (Vaults:4)
  Frederick (Vaults:3)
  Saint Roka (Vaults:4)
  An iron giant (Depths:2)
  A golden dragon (Depths:4)
  Nikola (Depths:3)
  4 liches
  A tentacled monstrosity (Depths:4)
  2 deep elf blademasters (Elf:2)
  A deep elf master archer (Elf:3)
  2 titans
  The ghost of 4thArraOfDagon the Shatterer, an adept OgHu of Makhleb (Elf:3)
  A tentacled starspawn (Abyss:2)
  2 sphinxes
  2 storm dragons
  An azure jelly (shapeshifter) (Depths:2)
  Wiglaf (Depths:1)
  3 shadow dragons
  5 deep elf sorcerers
  7 fire giants
  5 vault wardens
  An orc warlord (Orc:2)
  12 frost giants
  2 iron dragons
  6 emperor scorpions
  2 deep elf elementalists
  Aizul (Swamp:4)
  8 ironheart preservers
  A ghoul (Vaults:3)
  7 stone giants
  A draconian annihilator (Depths:3)
  A starcursed mass (Abyss:2)
  6 very ugly things
  An apis (shapeshifter) (Depths:3)
  5 deep elf demonologists
  6 spark wasps
  6 ettins
  6 deep elf annihilators
  4 deep elf death magi
  3 jiangshi (Depths:1)
  4 fire dragons
  Josephine (Orc:2)
  13 vault guards
  5 yaktaur captains
  2 deep elf high priests (Elf:3)
  Fannar (Lair:2)
  9 great orbs of eyes
  7 entropy weavers
  8 hydras
  An ice dragon (shapeshifter) (Depths:3)
  3 rakshasas
  8 ice dragons
  Harold (Orc:1)
  A spriggan air mage (Depths:4)
  7 centaur warriors
  17 ogre magi
  A death knight (Vaults:1)
  8 deep troll shamans
  3 tengu warriors
  13 dancing weapons
  2 vampire magi (Depths:1)
  2 thrashing horrors (Abyss:3)
  3 spriggan berserkers
  3 alligators
  6 deep troll earth magi
  2 soul eaters
  7 orc high priests (Orc:2)
  8 deep elf knights
  3 fire crabs
  8 hell knights
  A wretched star (Abyss:3)
  A salamander mystic (Depths:1)
  21 deep trolls
  7 unseen horrors
  5 giant orange brains
  An iron troll (Depths:3)
  A spatial maelstrom (Abyss:3)
  2 shambling mangroves
  8 skeletal warriors
  A shadow dragon zombie (Depths:4)
  5 swamp dragons
  14 orc knights
  3 flayed ghosts
  A harpy (shapeshifter) (Depths:3)
  7 deep elf archers
  4 lindwurms (Lair:2)
  9 ironbrand convokers
  A torturous demonspawn (Orc:2)
  An anubis guard (shapeshifter) (Depths:2)
  2 phantasmal warriors (D:15)
  A large abomination (Abyss:3)
  5 hill giants
  5 wizards
  18 wolf spiders
  5 necromancers
  37 ugly things
  A manticore (shapeshifter) (Depths:1)
  5 orc sorcerers
  4 orb spiders
  6 harpies
  3 oklob plants
  3 salamanders (Depths:1)
  5 hornets
  A golden dragon skeleton (Depths:4)
  3 cyclopes
  2 griffons
  36 deep elf magi
  2 sixfirhies (Orc:2)
  A shining eye (shapeshifter) (Vaults:3)
  3 worldbinders
  An elephant (shapeshifter) (Elf:2)
  A hornet (shapeshifter) (Depths:4)
  2 manticores
  A faun (shapeshifter) (Depths:3)
  A frost giant skeleton (Depths:4)
  A moth of wrath (Spider:4)
  8 elephants
  6 black mambas
  2 sphinx skeletons
  Joseph (D:10)
  A guardian serpent (shapeshifter) (Depths:2)
  A naga mage (Depths:3)
  A torpor snail (Spider:3)
  A black mamba (shapeshifter) (Depths:2)
  3 ice statues (IceCv)
  An eye of devastation (shapeshifter) (Depths:2)
  6 vault sentinels
  7 kobold demonologists
  17 spiny frogs
  A torpor snail (shapeshifter) (Depths:3)
  A rime drake (shapeshifter) (Vaults:2)
  5 spectral swamp worms (Depths:4)
  2 gargoyles
  A hellion (Abyss:2)
  4 rime drakes
  13 komodo dragons
  7 demonic crawlers
  5 freezing wraiths
  30 yaktaurs
  4 tengu conjurers
  An entropy weaver zombie (D:15)
  A spriggan druid (Lair:8)
  A guardian mummy (D:15)
  A merfolk (shapeshifter) (Depths:3)
  6 polar bears (Lair:8)
  3 hellwings (Depths:1)
  A queen bee (D:10)
  13 jumping spiders
  5 trolls
  A jumping spider (shapeshifter) (Vaults:4)
  A merfolk (D:9)
  21 two-headed ogres
  3 giant leeches
  5 red devils (Depths:1)
  3 boulder beetles
  2 bog bodies
  A fire giant simulacrum (Vaults:2)
  21 slime creatures
  A wind drake (shapeshifter) (Vaults:3)
  6 raiju
  17 blink frogs
  A spriggan zombie (Depths:2)
  9 spriggans
  An ice dragon skeleton (D:15)
  21 tarantellas
  2 shadows
  4 air elementals
  57 redbacks
  13 wraiths
  59 yaks
  3 water elementals
  2 wyverns
  2 tarantellas (shapeshifter)
  4 basilisks
  A fire elemental (Elf:3)
  A golden eye (shapeshifter) (Vaults:3)
  A neqoxec (Orc:2)
  10 hippogriffs
  A golden eye (Abyss:2)
  26 vampire mosquitoes
  10 insubstantial wisps (Swamp:4)
  13 swamp worms
  A hungry ghost (D:11)
  3 mottled dragons
  A soldier ant (shapeshifter) (Depths:4)
  6 wargs
  Edmund (D:4)
  15 water moccasins
  5 hell hounds (Depths:1)
  3 swamp drakes
  10 porcupines
  An ice beast (shapeshifter) (Vaults:2)
  15 ice beasts
  60 orc warriors
  9 wasps
  A sky beast (D:10)
  7 black bears (Lair:8)
  A necrophage (D:7)
  5 phantoms
  4 boggarts (Vaults:3)
  14 centaurs
  An ettin simulacrum (Depths:2)
  An eye of draining (Abyss:2)
  58 ogres
  27 wolves
  17 crocodiles
  4 small abominations
  12 giant frogs
  A wyvern zombie (D:13)
  2 big kobolds (Vaults:3)
  3 earth elementals
  2 gnoll sergeants
  An elf skeleton (D:14)
  A merfolk simulacrum (Abyss:2)
  2 wyvern skeletons
  2 scorpions
  32 killer bees
  4 howler monkeys
  11 wights
  4 electric eels
  4 crimson imps
  A quasit (D:14)
  10 hounds
  5 jellies
  6 centaur zombies
  30 orc priests
  5 centaur skeletons
  A gnoll shaman (D:7)
  2 human zombies (D:14)
  17 orc wizards
  3 giant frog skeletons
  5 human skeletons
  8 iguanas
  A hell rat (shapeshifter) (Depths:3)
  8 worker ants
  31 sheep
  A hound zombie (D:7)
  2 hound skeletons
  A mummy (D:14)
  A howler monkey zombie (D:7)
  A worker ant zombie (D:9)
  A gnoll (shapeshifter) (Vaults:1)
  10 gnolls
  14 adders
  47 river rats
  4 shadow imps
  A white imp (Abyss:2)
  An adder zombie (D:5)
  4 giant geckos
  112 orcs
  6 bats
  5 giant cockroaches
  8 goblins
  9 hobgoblins
  10 kobolds
  4 quokkas
  9 ball pythons
  12 giant newts
  An orc skeleton (D:14)
  An orc zombie (D:14)
  A quokka skeleton (D:5)
  13 rats
  2 crawling corpses (Elf:3)
  An eldritch tentacle segment (Depths:3)
  5 fungi
  6 plants
  13 withered plants (D:15)
1801 creatures vanquished.

Vanquished Creatures (collateral kills)
  An ancient lich (Depths:3)
  Mara (Vaults:3)
  A juggernaut (Depths:4)
  A caustic shrike (Depths:4)
  Jory (Vaults:4)
  4 liches
  A storm dragon (Vaults:4)
  A shadow dragon (Vaults:4)
  2 tengu reavers (Depths:4)
  A deep elf sorcerer (Vaults:1)
  7 frost giants
  4 fire giants
  Donald (Swamp:4)
  An orc warlord (Vaults:4)
  2 ghost moths (Spider:4)
  An emperor scorpion (Spider:4)
  4 vault wardens
  Louise (Swamp:1)
  A deep elf elementalist (Elf:3)
  2 stone giants (Depths:1)
  Nessos (D:15)
  2 vampire knights
  7 ironheart preservers
  A deep elf annihilator (Vaults:1)
  2 deep elf demonologists (Elf:3)
  2 deep elf death magi (Elf:3)
  4 ettins
  9 vault guards
  An entropy weaver (Spider:3)
  A great orb of eyes (Depths:3)
  A rakshasa (Vaults:2)
  6 hydras
  A yaktaur captain (Vaults:2)
  An ice dragon (Lair:8)
  3 centaur warriors
  Erica (Orc:1)
  2 death knights
  3 ogre magi
  3 tengu warriors
  A thrashing horror (Abyss:2)
  5 deep elf knights
  Nergalle (Lair:1)
  3 skeletal warriors (D:13)
  An iron troll (Depths:3)
  4 hell knights
  A swamp dragon (Swamp:3)
  2 deep elf archers
  A giant orange brain (Depths:4)
  A gelid demonspawn (Orc:2)
  2 hill giants
  14 deep elf magi
  A phantasmal warrior (Vaults:3)
  4 necromancers (Depths:2)
  4 ironbrand convokers
  7 orc knights
  5 orb spiders
  A griffon (shapeshifter) (Elf:3)
  5 ugly things
  2 oklob plants (Lair:8)
  An orc sorcerer (Orc:2)
  8 elephants
  A stone giant skeleton (Depths:2)
  2 slime creatures
  A black mamba (shapeshifter) (Depths:1)
  A centaur zombie (D:13)
  A gargoyle (D:14)
  An orange demon (Abyss:2)
  4 vault sentinels
  A spiny frog (shapeshifter) (Vaults:4)
  A spriggan zombie (Depths:2)
  A komodo dragon (Lair:7)
  3 yaktaurs
  An efreet (D:13)
  2 tengu conjurers
  4 polar bears (Lair:8)
  5 jumping spiders
  5 two-headed ogres
  A bog body (Swamp:1)
  3 raiju
  A boulder beetle (Vaults:4)
  3 blink frogs
  7 starcursed masses (Abyss:2)
  3 redbacks (Spider:3)
  3 spriggans (Lair:8)
  7 tarantellas
  A wraith (D:15)
  2 shadows
  A vampire (D:13)
  3 water elementals
  8 yaks
  A hippogriff (shapeshifter) (Elf:1)
  A golden eye (Abyss:2)
  8 vampire mosquitoes
  A chaos spawn (Orc:2)
  An elf skeleton (Depths:2)
  A tengu zombie (D:15)
  A swamp worm (Swamp:1)
  A spatial vortex (Abyss:3)
  An insubstantial wisp (Swamp:4)
  2 wargs
  A water moccasin (Lair:8)
  10 orc warriors
  A wasp (Lair:8)
  An ogre (shapeshifter) (Abyss:2)
  10 ogres
  4 wolves (Lair:8)
  A centaur (Vaults:4)
  2 giant frogs
  A wyvern zombie (D:6)
  2 killer bees (D:10)
  A crimson imp (D:7)
  2 hounds
  3 orc priests
  5 orc wizards
  2 adders
  2 river rats (Lair:8)
  22 orcs
  A fungus (Lair:3)
  2 plants (Lair:8)
  A starspawn tentacle (Abyss:2)
332 creatures vanquished.

Vanquished Creatures (others)
  A deep elf master archer (Elf:2)
  An eldritch tentacle (Depths:3)
  A tengu reaver (Depths:4)
  A deep elf elementalist (Elf:2)
  A stone giant (Depths:1)
  A deep elf annihilator (Depths:3)
  A deep elf death mage (Elf:3)
  2 yaktaur captains
  A tengu warrior (Depths:2)
  A deep elf knight (Elf:2)
  2 deep elf archers
  A harpy (shapeshifter) (Vaults:2)
  9 yaktaurs
  An elf skeleton (Depths:4)
  A blink frog (Swamp:4)
  A bog body (Swamp:1)
  2 water elementals (Elf:3)
  33 dancing weapons
  A centaur (Vaults:4)
  An orc (Vaults:3)
  A kobold (D:2)
  50 eldritch tentacle segments (Depths:3)
  15 fungi
  A lurking horror (Abyss:2)
  34 plants
  8 starspawn tentacles (Abyss:2)
  80 starspawn tentacle segments (Abyss:2)
  A withered plant (D:15)
253 creatures vanquished.

Grand Total: 2386 creatures vanquished

Notes
Turn   | Place    | Note
--------------------------------------------------------------
     0 | D:1      | Chiseanne the Demonspawn Monk began the quest for the Orb.
     0 | D:1      | Reached XP level 1. HP: 18/18 MP: 1/1
   400 | D:1      | Gained mutation: You have sharp fingernails. [demonic ancestry]
   400 | D:1      | Reached XP level 2. HP: 21/24 MP: 2/2
   874 | D:2      | Found a shadowy altar of Dithmenos.
  1062 | D:2      | Found a radiant altar of Vehumet.
  1137 | D:2      | Gained mutation: A weak demonic guardian rushes to your aid. [demonic ancestry]
  1137 | D:2      | Reached XP level 3. HP: 27/29 MP: 3/3
  2190 | D:3      | Gained mutation: Your flesh is cold resistant. [demonic ancestry]
  2190 | D:3      | Reached XP level 4. HP: 32/35 MP: 4/4
  2345 | D:3      | Found a glowing drain.
  2404 | Sewer    | Entered a sewer
  2435 | Sewer    | Reached skill level 1 in Armour
  3105 | D:3      | Gained mutation: You have very sharp fingernails. [demonic ancestry]
  3105 | D:3      | Reached XP level 5. HP: 42/42 MP: 5/5
  3242 | D:3      | Found an iron altar of Okawaru.
  3256 | D:3      | Became a worshipper of Warmaster Okawaru
  3256 | D:3      | Reached * piety under Okawaru
  3256 | D:3      | Reached ** piety under Okawaru
  3656 | D:4      | Noticed an ogre
  3665 | D:4      | Killed an ogre
  3753 | D:4      | Reached skill level 1 in Invocations
  4122 | D:4      | Gained mutation: You have a pair of small antennae on your head. [demonic ancestry]
  4122 | D:4      | Reached XP level 6. HP: 48/48 MP: 5/7
  4315 | D:4      | Noticed Edmund
  4330 | D:4      | Killed Edmund
  4868 | D:4      | Found a bloodstained altar of Trog.
  4868 | D:4      | Found a burning altar of Makhleb.
  5083 | D:5      | Entered Level 5 of the Dungeon
  5127 | D:5      | Noticed an ice beast
  5132 | D:5      | Killed an ice beast
  5132 | D:5      | Gained mutation: You have sharp toenails. [demonic ancestry]
  5132 | D:5      | Reached XP level 7. HP: 55/55 MP: 5/9
  5660 | D:5      | Reached skill level 5 in Armour
  5660 | D:5      | Gained mutation: You are immune to freezing clouds. [demonic ancestry]
  5660 | D:5      | Reached XP level 8. HP: 61/67 MP: 9/14
  5796 | D:5      | Found Fesejaor's General Store.
  6898 | D:6      | Reached *** piety under Okawaru
  6906 | D:6      | Found a shimmering altar of Xom.
  7127 | D:6      | Found a deep blue altar of Sif Muna.
  7273 | D:6      | Gained mutation: You have razor-sharp toenails. [demonic ancestry]
  7273 | D:6      | Reached XP level 9. HP: 66/73 MP: 15/15
  7440 | D:7      | Found an ancient bone altar of Kikubaaqudgha.
  7479 | D:7      | Learned a level 1 spell: Beastly Appendage
  7482 | D:7      | Learned a level 2 spell: Sticks to Snakes
  7583 | D:7      | Found an oddly glowing altar of Pakellas.
  7746 | D:7      | Found a shattered altar of Ashenzari.
  7804 | D:7      | Found a staircase to the Ecumenical Temple.
  7951 | D:7      | Reached skill level 1 in Spellcasting
  8144 | D:8      | Found a white marble altar of Elyvilon.
  8154 | D:8      | Found a stormy altar of Qazlal.
  8421 | D:8      | Found a glowing golden altar of the Shining One.
  8636 | D:8      | Reached **** piety under Okawaru
  8894 | D:9      | Noticed a merfolk
  8903 | D:9      | Killed a merfolk
  9058 | D:9      | Got a smoking flail {freeze}
  9130 | D:9      | Identified the +6 flail "Jeth" {freeze, Dex+2} (You took it off an orc warrior on level 9 of the Dungeon)
  9184 | D:9      | Noticed a troll
  9191 | D:9      | Killed a troll
  9343 | D:9      | Found a sacrificial altar of Ru.
  9398 | D:9      | Gained mutation: A meltable icy envelope protects you from harm (AC +10). [demonic ancestry]
  9398 | D:9      | Reached XP level 10. HP: 73/80 MP: 14/16
  9762 | D:10     | Entered Level 10 of the Dungeon
  9878 | D:10     | Noticed a hill giant
  9902 | D:10     | Killed a hill giant
  9993 | D:10     | Reached ***** piety under Okawaru
 10320 | D:10     | Noticed an unseen horror
 10351 | D:10     | Killed an unseen horror
 10446 | D:10     | Received a gift from Okawaru
 10447 | D:10     | Got a brightly glowing lajatang {god gift}
 10467 | D:10     | Identified the +2 lajatang of Serendipity {god gift, slice, MP+9} (Okawaru gifted it to you on level 10 of the Dungeon)
 10529 | D:10     | Found a staircase to the Lair.
 10824 | D:10     | Identified a scroll of acquirement
 10883 | D:10     | Found a blossoming altar of Fedhas.
 10894 | D:10     | Noticed an unseen horror
 10923 | D:10     | Killed an unseen horror
 10923 | D:10     | Reached XP level 11. HP: 81/85 MP: 17/17
 10976 | D:10     | Chiseanne: hi
 11013 | D:10     | Wingboner: NO U
 11149 | D:10     | Noticed Joseph
 11174 | D:10     | Killed Joseph
 11274 | D:11     | Noticed an unseen horror
 11285 | D:11     | Killed an unseen horror
 11333 | D:11     | Reached skill level 5 in Spellcasting
 11359 | D:11     | Noticed a cyan ugly thing
 11391 | D:11     | Noticed a hill giant
 11709 | D:11     | Killed a cyan ugly thing
 11984 | D:11     | Killed a hill giant
 12332 | D:11     | Noticed a hill giant
 12340 | D:11     | Killed a hill giant
 12340 | D:11     | Received a gift from Okawaru
 12342 | D:11     | Wingboner: Nice fingernail style btw. I like this slot most.
 12347 | D:11     | Chiseanne: depending on what you want to play ;-)
 12347 | D:11     | Chiseanne: as a wizzy it sucks
 12350 | D:11     | Chiseanne: and also got the hat slot wasted with antennas :-/
 12350 | D:11     | Wingboner: Well, this means you won't have boots either.
 12350 | D:11     | Chiseanne: but hey icy envelope <3
 12350 | D:11     | Chiseanne: nope
 12350 | D:11     | Chiseanne: but good damage
 12357 | D:11     | Wingboner: >You have razor-sharp toenails.
 12362 | D:11     | Chiseanne: yes
 12416 | D:11     | Chiseanne: I scratch, bite, spit at them and do whatsnotz to survive man ;-D
 12424 | D:11     | Wingboner: Your character is a catgirl.
 12444 | D:11     | Chiseanne: haha
 12444 | D:11     | Chiseanne: hey cmon..its a guy!
 12593 | D:11     | Wingboner: A futa catgirl.
 12597 | D:11     | Chiseanne: what is futa?
 12670 | D:11     | Got a steaming robe
 12711 | D:11     | Identified the +1 robe of the Lost Wars {-Cast MR+ MP+9 SInv} (You found it on level 11 of the Dungeon)
 12711 | D:11     | Wingboner: https://en.wikipedia.org/wiki/Futanari — a character that has both male and female genitalia.
 12711 | D:11     | Chiseanne: eeeeeeck!
 12711 | D:11     | Chiseanne: well..that would souble the fun wouldnt it?
 12762 | D:11     | Wingboner: Kekekek.
 12816 | D:12     | Chiseanne: sometimes I wish I had boobs..I would play with them all day and probably never sleep again because of all that excitement lol
 12932 | D:12     | Wingboner: You should have been born in Thailand.
 12933 | D:12     | Chiseanne: why is that?
 12934 | D:12     | Noticed a hill giant
 12956 | D:12     | HP: 1/85 [orc priest/divine providence (8)]
 13041 | D:12     | Wingboner: They have a custom of raising boys into female role, with hormone therapy and all that. So they do have breasts.
 13044 | D:12     | Chiseanne: OMFG how cruel is that?
 13058 | D:12     | Wingboner: Well. They have a guaranteed job.
 13058 | D:12     | Wingboner: And they are raised to like it.
 13058 | D:12     | Chiseanne: seriously..would you giving up being a guy for a JOB????
 13058 | D:12     | Wingboner: https://en.wikipedia.org/wiki/Kathoey
 13058 | D:12     | Chiseanne: cmon..lets keep this real
 13058 | D:12     | Wingboner: All of the persons on the pictures are men.
 13058 | D:12     | Chiseanne: thats jus sick..sry
 13340 | D:12     | Wingboner: Well, everything depends on your environment and upbringing.
 13340 | D:12     | Wingboner: You learn to like whatever your cultural norm is.
 13340 | D:12     | Chiseanne: ...and how sick your parents are..true story
 13363 | D:12     | Killed a hill giant
 13448 | D:12     | Wingboner: Well, you *did* want breasts, heh.
 13452 | D:12     | Wingboner: Science can do that!
 13452 | D:12     | Chiseanne: lawl..ok I guess I was kidding..but you are right..I better be careful what I wish for :D
 13506 | D:12     | Found a staircase to the Orcish Mines.
 13599 | D:12     | Gained mutation: A demonic guardian rushes to your aid. [demonic ancestry]
 13599 | D:12     | Reached XP level 12. HP: 86/92 MP: 21/21
 13649 | D:12     | Found Jozapoga's General Store.
 13657 | D:12     | Wingboner: Well, yeah. Science is developing rapidly enough that you can find lots of questionable dreams possible.
 13657 | D:12     | Chiseanne: yes..I dont think its desirable..
 13657 | D:12     | Chiseanne: we would all end up with giant genitalia..or like Micheal Jackson
 13683 | D:12     | Found Goghihoc's Distillery.
 13691 | D:12     | Bought a potion of berserk rage for 75 gold pieces
 13691 | D:12     | Bought a potion of cure mutation for 375 gold pieces
 13691 | D:12     | Bought a potion of degeneration for 15 gold pieces
 13691 | D:12     | Bought a potion of invisibility for 120 gold pieces
 13691 | D:12     | Bought a potion of curing for 45 gold pieces
 13724 | D:12     | Wingboner: Or in augmented reality, where we *think* we have giant genitalia, LOL.
 13726 | D:12     | Chiseanne: lol ok that would be agreeable tho
 13771 | D:12     | Found Zaohaq's General Store.
 13778 | D:12     | Found Korphofec's Antique Weapon Shoppe.
 13794 | D:12     | Found Roaniesy's General Store.
 13974 | D:12     | Wingboner: Well, Microsoft boast that their new product will be able to do exactly this. But they haven't released it yet.
 13974 | D:12     | Wingboner: https://www.microsoft.com/microsoft-hololens/en-us\
 13974 | D:12     | Chiseanne: yeah..as much as I think that M$ stinks I am really looking forward to thi
 13974 | D:12     | Chiseanne: s
 14035 | D:12     | Wingboner: I am looking forward to China making counterfeit copies with lots of plugins ,,,^..^,,,
 14035 | D:12     | Chiseanne: !
 14035 | D:12     | Chiseanne: personally I think AR is better than VR..at least considering the enviroment we would be using this in
 14035 | D:12     | Wingboner: They'll be cheaper *and* better, like with smartphones.
 14035 | D:12     | Chiseanne: no idea about smartphones..are they better?
 14035 | D:12     | Wingboner: Yep, I like AR too.
 14035 | D:12     | Wingboner: Yep. Chinese smartphones are already better than iphones.
 14035 | D:12     | Wingboner: And *a lot* cheaper.
 14035 | D:12     | Chiseanne: I mean ..imagine you standing in your probably small room trying to walk around in VR..that would not only be awkward but could aslo be dangerous
 14035 | D:12     | Wingboner: Well, you're not meant to walk around while in VR.
 14035 | D:12     | Wingboner: You're contained in a ball or something.
 14035 | D:12     | Chiseanne: lets see how all that works out..it will take some more time before this is a real useful technology
 14035 | D:12     | Wingboner: But AR is definitely better, a lot more usecases.
 14035 | D:12     | Chiseanne: yes I think so too
 14035 | D:12     | Wingboner: Reading a book while jogging, for example.
 14035 | D:12     | Chiseanne: yeah..most of us will probably ending up watching pron while driving
 14090 | D:12     | Wingboner: Haha.
 14098 | D:12     | Chiseanne: ;-)
 14132 | D:12     | Reached skill level 10 in Dodging
 14522 | D:13     | Wingboner: Cop: "Why do you have a hard-on while driving?" You: "There are invisible lesbian thumbelinas on my windshield!"
 14526 | D:13     | Chiseanne: haha that would be awsome
 14526 | D:13     | Chiseanne: Im down for that!
 14526 | D:13     | Chiseanne: sigh I wish I were rich..I would definitely develop that lol
 14546 | D:13     | Reached skill level 10 in Unarmed Combat
 14594 | D:13     | Wingboner: Well, you don't have to worry. There are enough rich people with same thoughts that you will get that relatively soon.
 14595 | D:13     | Chiseanne: hmm hopefully
 14595 | D:13     | Chiseanne: ;-)
 14616 | D:13     | Found a flagged portal.
 14623 | Bailey   | Entered a bailey
 15281 | Bailey   | Gained mutation: You have a pair of antennae on your head. [demonic ancestry]
 15281 | Bailey   | Reached XP level 13. HP: 95/98 MP: 21/23
 15288 | Bailey   | Learned a level 5 spell: Blade Hands
 15288 | Bailey   | Found a roughly hewn altar of Beogh.
 15304 | Bailey   | Received a gift from Okawaru
 15672 | D:13     | Pr0man: moo
 15676 | D:13     | Chiseanne: hi there
 16300 | D:13     | Reached skill level 10 in Armour
 16502 | D:14     | Noticed a vault guard
 17269 | D:14     | Gained mutation: You have claws for hands. [demonic ancestry]
 17269 | D:14     | Reached XP level 14. HP: 73/104 MP: 26/26
 17492 | D:14     | Found a basalt altar of Yredelemnul.
 18060 | D:14     | Found a gate to the Vaults.
 18067 | D:14     | Received a gift from Okawaru
 18381 | D:15     | Entered Level 15 of the Dungeon
 18925 | D:15     | Noticed Nessos
 18929 | D:15     | Wingboner: Oh crap, that axe.
 18929 | D:15     | Wingboner: I'd probably concider switching.
 18929 | D:15     | Wingboner: *consider
 18929 | D:15     | Chiseanne: vampiric^^ ..waiting for brand
 18929 | D:15     | Chiseanne: oh cider would be great !
 18929 | D:15     | Wingboner: Well, vampiric *is* kickass.
 18943 | D:15     | Killed Nessos
 19284 | D:15     | Found a staircase to the Depths.
 19380 | D:15     | Chiseanne: hmm thats working out pretty well
 19438 | D:15     | Received a gift from Okawaru
 19803 | D:15     | Found a white marble altar of Elyvilon.
 20198 | Orc:1    | Entered Level 1 of the Orcish Mines
 20198 | Orc:1    | Noticed Erica
 20205 | Orc:1    | Killed Erica
 20328 | Orc:2    | Entered Level 2 of the Orcish Mines
 20666 | Orc:1    | Found a roughly hewn altar of Beogh.
 21037 | Orc:2    | Noticed Josephine
 21049 | Orc:2    | Killed Josephine
 21165 | Orc:2    | Found Eziodora's Food Emporium.
 21167 | Orc:2    | Found Gaes's General Store.
 21448 | Orc:2    | Bought a scroll of identify for 28 gold pieces
 21448 | Orc:2    | Bought a scroll of magic mapping for 49 gold pieces
 21448 | Orc:2    | Bought a potion of haste for 140 gold pieces
 21448 | Orc:2    | Bought a potion of resistance for 140 gold pieces
 21448 | Orc:2    | Bought a scroll of recharging for 133 gold pieces
 21532 | Orc:2    | HP: 3/104 [soul eater/drain life (7)]
 21581 | Orc:2    | Noticed an orc warlord
 21601 | Orc:2    | Killed an orc warlord
 21979 | Orc:2    | Pr0man: Since when do you play crawl again, even trunk, and then on the french servers instead of lantea? :b
 21981 | Orc:2    | Reached XP level 15. HP: 100/110 MP: 24/28
 21982 | Orc:2    | Chiseanne: I never stopped playing crawl and since we met last time I was always playing on this server ;-)
 21982 | Orc:2    | Chiseanne: lantea is just a bit slow for my taste
 22138 | Orc:2    | Chiseanne: question is: where have you been all the time?
 22283 | Orc:2    | Wingboner: I play on clan/cbro/cxc/cdo/cszo, all of them are okay for me. Mostly because I use the console version, it has a lot less lag.
 22295 | Orc:2    | Chiseanne: ya ok..I couldnt do that..I need pretty pictures..at least to a certain degree
 22321 | Orc:2    | Pr0man: uh... school, WoW, everywhere else
 22323 | Orc:2    | Chiseanne: haha
 22341 | Orc:2    | Wingboner: Well, you can control the game via console and spectate yourself. I do this for when I need pretty screenshots for the forum.
 22676 | Orc:2    | Chiseanne: isnt that a bit to awkward to do?
 22676 | Orc:2    | Wingboner: Nope/
 22676 | Orc:2    | Chiseanne: ah well as loong as it works for you
 22750 | Orc:2    | Found a staircase to the Elven Halls.
 22846 | Orc:2    | Found Rehu's Antique Armour Boutique.
 22846 | Orc:2    | Found Wured's Gadget Shop.
 22846 | Orc:2    | Found a one-way gate leading to the halls of Pandemonium.
 22942 | Orc:1    | Noticed Harold
 22958 | Orc:1    | Killed Harold
 23351 | D:10     | Chiseanne: made my second 15 runer today! *flex* ;-)
 23356 | Lair:1   | Entered Level 1 of the Lair of Beasts
 23379 | Lair:1   | Noticed Nergalle
 23413 | Lair:1   | Killed Nergalle
 23989 | Lair:1   | Got a heavily runed buckler
 23995 | Lair:1   | Identified the cursed +0 buckler "Ohahakk" {Dex+6} (You found it on level 1 of the Lair of Beasts)
 24417 | Lair:2   | Pr0man: mine 2 days ago :b
 24426 | Lair:2   | Chiseanne: FIRST!
 24426 | Lair:2   | Chiseanne: ;-) gz
 24447 | Lair:2   | Pr0man: 2nd
 24467 | Lair:2   | Pr0man: Morguefile isn't updating properly
 24467 | Lair:2   | Chiseanne: umm I was saying I was first :P
 24467 | Lair:2   | Pr0man: Meh :b
 24467 | Lair:2   | Chiseanne: lol
 24550 | Lair:2   | Received a gift from Okawaru
 24559 | Lair:2   | Got a pitted plate armour {god gift}
 24563 | Lair:2   | Identified the +1 plate armour of Leici {god gift, rPois rF+ Int+4} (Okawaru gifted it to you on level 2 of the Lair of Beasts)
 24625 | Lair:2   | Reached skill level 1 in Shields
 24683 | Lair:2   | Noticed Fannar
 24700 | Lair:2   | Killed Fannar
 24763 | Lair:2   | Identified Roxanne's Disquisition on Earth and Moulding
 24766 | Lair:2   | Wingboner: Why that strange mace though?
 24768 | Lair:2   | Wingboner: s - +2 mace of Icwi {freeze, +Fly rC+ rN+++ MR-}
 24768 | Lair:2   | Chiseanne: ?
 24768 | Lair:2   | Chiseanne: what mace?
 24768 | Lair:2   | Wingboner: On your 15runer.
 24777 | Lair:2   | Wingboner: http://crawl.xtahua.com/crawl/morgue/Chiseanne/morgue-Chiseanne-20160108-015650.txt
 24779 | Lair:2   | Chiseanne: forgot..probably for the rN+++
 24859 | Lair:2   | Chiseanne: meh last update3 was 2016-03-13
 24988 | Lair:2   | Reached skill level 2 in Shields
 25007 | Lair:2   | Got a shimmering hunting sling
 25008 | Lair:2   | Identified the cursed +1 hunting sling of Ajif {flame, rN+} (You found it on level 2 of the Lair of Beasts)
 25663 | Lair:3   | Learned a level 2 spell: Repel Missiles
 25885 | Lair:3   | Found a staircase to the Swamp.
 26606 | Lair:3   | Chiseanne: are you guys just hanging out or are you playing?
 26606 | Lair:3   | Chiseanne: prolly fell asleep already lol
 26606 | Lair:3   | Upgraded the game from 0.18-a0-1643-gb89d9db to 0.18-a0-1649-g8d9735b
 27098 | Lair:4   | Reached skill level 3 in Shields
 27569 | Lair:4   | Reached skill level 10 in Spellcasting
 28133 | Lair:5   | Found a hole to the Spider Nest.
 28992 | Lair:5   | Got a faintly humming ring mail
 28994 | Lair:5   | Identified the cursed +1 ring mail of Bitterness {rPois} (You found it on level 5 of the Lair of Beasts)
 29296 | Lair:6   | Reached skill level 4 in Shields
 29316 | Lair:6   | Learned a level 2 spell: Passwall
 29319 | Lair:6   | Learned a level 2 spell: Blink
 29323 | Lair:6   | Learned a level 3 spell: Confuse
 29897 | Lair:7   | Reached XP level 16. HP: 96/116 MP: 26/30
 30353 | Lair:8   | Entered Level 8 of the Lair of Beasts
 30378 | Lair:8   | Received a gift from Okawaru
 30411 | Lair:8   | Found a frozen archway.
 30447 | IceCv    | Entered an ice cave
 30787 | Lair:8   | Got a polished plate armour
 30859 | Lair:8   | Identified the +10 plate armour "Lowit" {rElec Regen+ Int+3 Slay+2} (You found it on level 8 of the Lair of Beasts)
 30881 | Lair:8   | Reached skill level 5 in Shields
 30903 | Lair:8   | Reached ****** piety under Okawaru
 31258 | Lair:8   | Received a gift from Okawaru
 31344 | Lair:8   | Found a staircase to the Slime Pits.
 31850 | Lair:8   | Got a sparkling silver ring
 31851 | Lair:8   | Identified the ring "Wuriost" {rF+ Dex+2} (You found it on level 8 of the Lair of Beasts)
 32561 | D:12     | Bought a potion of berserk rage for 75 gold pieces
 32583 | D:12     | Bought a wand of teleportation (4/9) for 336 gold pieces
 32583 | D:12     | Bought a scroll of identify for 28 gold pieces
 32583 | D:12     | Bought a scroll of blinking for 105 gold pieces
 32737 | Orc:2    | Bought a wand of heal wounds (5/9) for 864 gold pieces
 33024 | Spider:1 | Entered Level 1 of the Spider Nest
 33040 | Spider:1 | Reached skill level 6 in Shields
 34923 | Spider:3 | Reached skill level 10 in Transmutations
 35654 | Spider:4 | Entered Level 4 of the Spider Nest
 35663 | Spider:4 | Reached skill level 1 in Hexes
 35665 | Spider:4 | Received a gift from Okawaru
 36497 | Spider:4 | Reached skill level 5 in Hexes
 36511 | Spider:4 | Reached XP level 17. HP: 56/122 MP: 5/32
 37269 | Spider:4 | Received a gift from Okawaru
 37274 | Spider:4 | Got a gossamer rune of Zot
 38201 | Swamp:1  | Entered Level 1 of the Swamp
 38319 | Swamp:1  | Noticed Louise
 38337 | Swamp:1  | Cast into level 3 of the Abyss (Louise)
 38337 | Abyss:3  | Found a corrupted altar of Lugonu.
 38385 | Abyss:3  | Wingboner: Sup here
 38385 | Abyss:3  | Chiseanne: sup
 38385 | Abyss:3  | Chiseanne: getting banned sucks
 38385 | Abyss:3  | Chiseanne: lets see if we can find a way out ^^
 38511 | Abyss:3  | Wingboner: Y u no aa?
 38511 | Abyss:3  | Chiseanne: thx..
 38512 | Abyss:3  | Wingboner: Heroism's cheap and powerful.
 38512 | Abyss:3  | Chiseanne: aye
 38585 | Abyss:3  | Noticed a lich
 38604 | Swamp:1  | Escaped the Abyss
 38622 | Swamp:1  | Killed Louise
 38635 | Swamp:1  | Chiseanne: dunno..still tired even tho I had a pretty good coffee...
 38635 | Swamp:1  | Chiseanne: I tend to forget stuff then
 39688 | Swamp:2  | Wingboner: Yeah, inattentiveness happens.
 39692 | Swamp:2  | Chiseanne: I mostly loose games right after I woke up and started playing right away :D
 39719 | Swamp:2  | Wingboner: Dying with dozens of unused fight/flight options is depressing.
 39729 | Swamp:2  | Chiseanne: so true!
 39729 | Swamp:2  | Chiseanne: like:I died in elves lately with tons of healings and wand of healing with a sprig..*slaps self*
 39890 | Swamp:4  | Entered Level 4 of the Swamp
 39917 | Swamp:4  | Noticed Aizul
 39925 | Swamp:4  | Reached skill level 10 in Hexes
 39935 | Swamp:4  | Killed Aizul
 39950 | Swamp:2  | HP: 3/122 [thorn hunter/volley of thorns (10)]
 40558 | Swamp:4  | Wingboner: The wing of the dragon looks like a status effect on the first glance.
 40898 | Swamp:4  | Noticed Donald
 40913 | Swamp:4  | Killed Donald
 40998 | Swamp:4  | Received a gift from Okawaru
 41000 | Swamp:4  | Got a transparent scale mail {god gift}
 41103 | Swamp:4  | Got a decaying rune of Zot
 41132 | Swamp:4  | Identified the +1 scale mail of Bula {god gift, rElec rF+ Str-5 Int+5} (Okawaru gifted it to you on level 4 of the Swamp)
 41541 | D:15     | Wingboner: What's that on the tile down from the character?
 41541 | D:15     | Chiseanne: disc of storms?
 41541 | D:15     | Chiseanne: A phantom mirror?
 41562 | D:15     | Learned a level 3 spell: Tukima's Dance
 41566 | D:15     | Learned a level 3 spell: Dazzling Spray
 41798 | Elf:1    | Entered Level 1 of the Elven Halls
 41827 | Elf:1    | Reached skill level 7 in Shields
 41957 | Elf:2    | Found Gionk's Antique Armour Emporium.
 42185 | Elf:2    | Bought an embroidered cloak for 108 gold pieces
 42557 | Elf:2    | Noticed a Brimstone Fiend
 42683 | Elf:3    | Entered Level 3 of the Elven Halls
 43100 | Elf:3    | Noticed 4thArraOfDagon's ghost (adept OgHu)
 43185 | Elf:3    | Killed 4thArraOfDagon's ghost
 43185 | Elf:3    | Reached skill level 8 in Shields
 43457 | Elf:3    | Found a portal to a secret trove of treasure.
 43522 | Elf:3    | Reached XP level 18. HP: 101/128 MP: 23/33
 43915 | Elf:3    | Reached skill level 9 in Shields
 44783 | Elf:2    | Reached skill level 10 in Shields
 45482 | Elf:2    | Got a scorched brass ring
 45486 | Elf:2    | Identified the ring of Bifudoagg {rElec rF+ rC- EV+1 Int+2} (You took it off a deep elf mage on level 2 of the Elven Halls)
 45567 | Elf:2    | Reached skill level 11 in Shields
 45570 | Elf:2    | Got a pitted brass ring
 45653 | Elf:3    | Received a gift from Okawaru
 46437 | Elf:3    | Cast into level 2 of the Abyss (a deep elf demonologist)
 46451 | Abyss:2  | Identified the ring "Asec" {rPois rF++ MP+9 Str-3 Dex+3} (You took it off a deep elf annihilator on level 2 of the Elven Halls)
 46483 | Abyss:2  | Found a corrupted altar of Lugonu.
 46526 | Abyss:2  | Reached skill level 12 in Shields
 46841 | Abyss:2  | Found a corrupted altar of Lugonu.
 47001 | Abyss:2  | Paralysed by accursed screaming for 1 turns
 47306 | Elf:3    | Escaped the Abyss
 47352 | Elf:3    | Noticed a Brimstone Fiend
 47963 | Elf:3    | Reached skill level 13 in Shields
 48161 | Elf:3    | Received a gift from Okawaru
 48215 | Elf:3    | Learned a level 1 spell: Apportation
 48359 | Orc:2    | Identified a +5 rod of ignition (12/12) (You took it off a deep elf demonologist on level 3 of the Elven Halls)
 48662 | D:5      | Bought a fan of gales for 400 gold pieces
 48662 | D:5      | Bought a scroll of remove curse for 30 gold pieces
 48662 | D:5      | Bought a royal jelly for 20 gold pieces
 48662 | D:5      | Bought a bread ration for 50 gold pieces
 48955 | Vaults:1 | Entered Level 1 of the Vaults
 49436 | Vaults:1 | Gained mutation: A powerful demonic guardian rushes to your aid. [demonic ancestry]
 49436 | Vaults:1 | Reached XP level 19. HP: 68/134 MP: 17/34
 50035 | Vaults:1 | Reached skill level 14 in Shields
 51437 | Vaults:2 | Found a sacrificial altar of Ru.
 51599 | Vaults:2 | Got a glittering pewter ring
 51655 | Vaults:2 | Identified the ring of Hukewoag {Fragile Int+3 Dex+5 SInv Stlth+} (You found it on level 2 of the Vaults)
 51764 | Vaults:2 | Reached skill level 15 in Shields
 51790 | Vaults:2 | Found Gafraal's Antique Weapon Emporium.
 52052 | Vaults:2 | Received a gift from Okawaru
 52110 | Vaults:2 | Got a steaming ring mail {god gift}
 52203 | Vaults:2 | Identified the +0 ring mail of Soudd {god gift, rF+ SInv} (Okawaru gifted it to you on level 2 of the Vaults)
 52633 | Vaults:2 | Found a staircase to the Crypt.
 52633 | Vaults:2 | Found a basalt altar of Yredelemnul.
 52634 | Vaults:2 | Found an ancient bone altar of Kikubaaqudgha.
 52882 | Vaults:2 | Reached skill level 16 in Shields
 53122 | Vaults:3 | Noticed Mara
 53150 | Vaults:3 | Noticed Chiseanne's illusion
 53162 | Vaults:3 | HP: 4/134 [Mara/demon trident of draining (3)]
 53188 | Vaults:2 | HP: 2/134 [yaktaur captain (33)]
 53716 | Vaults:3 | Got an encrusted cloak
 53727 | Vaults:3 | Identified the +0 cloak "Hubion" {*Contam rElec Str+2 Int+5} (You acquired it on level 3 of the Vaults)
 53916 | Vaults:3 | Noticed Chiseanne's illusion
 53937 | Vaults:3 | Noticed Frederick
 55009 | Vaults:3 | Killed Frederick
 55032 | Vaults:3 | Learned a level 4 spell: Cause Fear
 55111 | Vaults:3 | Reached skill level 17 in Shields
 55166 | Vaults:3 | Gained mutation: You are robust (+10% HP). [demonic ancestry]
 55166 | Vaults:3 | Reached XP level 20. HP: 74/154 MP: 27/35
 55427 | Vaults:3 | Received a gift from Okawaru
 55758 | Vaults:3 | Learned a level 5 spell: Silence
 56376 | Vaults:3 | Noticed Chiseanne's illusion
 56772 | Vaults:3 | Received a gift from Okawaru
 56801 | Vaults:3 | Killed Mara
 57924 | Vaults:4 | Noticed Jory
 57940 | Vaults:4 | Killed Jory
 58315 | Vaults:4 | Received a gift from Okawaru
 58316 | Vaults:4 | Got a translucent cloak {god gift}
 58355 | Vaults:4 | Noticed Boris
 58367 | Vaults:4 | Killed Boris
 58703 | Vaults:4 | Noticed Saint Roka
 58936 | Vaults:4 | Killed Saint Roka
 59670 | Vaults:4 | Identified the +0 cloak "Poredao" {god gift, rPois MP+9} (Okawaru gifted it to you on level 4 of the Vaults)
 59906 | Depths:1 | Entered Level 1 of the Depths
 60035 | Depths:1 | Found a gateway to Hell.
 60067 | Depths:1 | Reached XP level 21. HP: 159/160 MP: 38/38
 60119 | Depths:1 | Found a one-way gate to the infinite horrors of the Abyss.
 60153 | Depths:1 | Received a gift from Okawaru
 60523 | Depths:1 | Found Anoat's Antique Armour Shop.
 60526 | Depths:1 | Found a runed door.
 60528 | Depths:1 | Bought a crude ring mail for 315 gold pieces
 60528 | Depths:1 | Bought a crude robe for 199 gold pieces
 60529 | Depths:1 | Identified the +5 ring mail of Whack-A-Mole {rPois MR- rCorr Int+9 Dex-3} (You bought it in a shop on level 1 of the Depths)
 60535 | Depths:1 | Identified the +2 robe of Ruizyof {rC+} (You bought it in a shop on level 1 of the Depths)
 60550 | Depths:1 | Noticed Wiglaf
 60574 | Depths:1 | Killed Wiglaf
 60749 | Depths:1 | Reached skill level 15 in Armour
 60950 | Depths:1 | Got a transparent scale mail
 61086 | Depths:1 | Reached skill level 15 in Hexes
 61843 | Depths:2 | Received a gift from Okawaru
 61844 | Depths:2 | Got a bloodstained long sword {god gift}
 61872 | Depths:2 | Identified the +9 long sword "Wyblaik" {god gift, flame, Dex+6} (Okawaru gifted it to you on level 2 of the Depths)
 61927 | Depths:2 | Found Biohik's Antique Weapon Shoppe.
 62135 | Depths:2 | Noticed an iron giant
 62163 | Depths:2 | Killed an iron giant
 62517 | Depths:2 | Reached skill level 18 in Shields
 62572 | Depths:2 | Received a gift from Okawaru
 63011 | Depths:2 | Received a gift from Okawaru
 63239 | Depths:2 | Received a gift from Okawaru
 63293 | Depths:2 | Identified the +6 scale mail of the Nexus {rElec rPois Str-4} (You found it on level 1 of the Depths)
 63305 | Depths:2 | Got a twisted cloak {god gift}
 63316 | Depths:2 | Identified the +0 cloak of the Princeling {god gift, +Fly Regen+ Dex+5} (Okawaru gifted it to you on level 2 of the Depths)
 63374 | Depths:3 | Gained mutation: You expend magic power (3 MP) to strengthen your wands. [mutagenic glow]
 63486 | Depths:3 | Noticed Nikola
 63514 | Depths:3 | Killed Nikola
 63945 | Depths:3 | Gained mutation: You have claws for feet. [demonic ancestry]
 63945 | Depths:3 | Reached XP level 22. HP: 167/167 MP: 40/40
 63961 | Depths:3 | Found a runed door.
 64936 | Depths:3 | Received a gift from Okawaru
 65254 | Depths:3 | Found a radiant altar of Vehumet.
 65254 | Depths:3 | Noticed an ancient lich
 65257 | Depths:3 | Reached skill level 10 in Fighting
 65270 | Depths:3 | Killed an ancient lich
 65290 | Depths:3 | Identified Usaf's Handbook of Captivating Battle Magic
 65500 | D:15     | Upgraded the game from 0.18-a0-1649-g8d9735b to 0.18-a0-1655-ge2d8d33
 65583 | Depths:4 | Found a gateway to a ziggurat.
 65613 | Depths:4 | Got a silken robe
 65614 | Depths:4 | Identified the +2 robe of the Gate {-Cast rCorr SInv} (You found it on level 4 of the Depths)
 65663 | Depths:4 | Found Voanwe's Food Shop.
 65675 | Depths:4 | Found Bapnadem's Book Boutique.
 65810 | Depths:4 | Received a gift from Okawaru
 66512 | Depths:4 | Found Jaudedi's Armour Boutique.
 66683 | Depths:4 | Found Petyh's Distillery.
 66703 | Depths:4 | Found Ecaet's Book Emporium.
 66728 | Depths:4 | Bought a potion of curing for 63 gold pieces
 66728 | Depths:4 | Bought a potion of curing for 63 gold pieces
 66728 | Depths:4 | Bought a potion of haste for 210 gold pieces
 66728 | Depths:4 | Bought a potion of flight for 63 gold pieces
 66728 | Depths:4 | Bought a potion of flight for 63 gold pieces
 66728 | Depths:4 | Bought a potion of curing for 63 gold pieces
 66728 | Depths:4 | Bought a potion of agility for 84 gold pieces
 66728 | Depths:4 | Bought a potion of agility for 84 gold pieces
 67166 | Depths:4 | Noticed a caustic shrike
 67176 | Depths:4 | Noticed a juggernaut
 67207 | Depths:4 | Killed a caustic shrike
 67259 | Depths:4 | Killed a juggernaut
 67413 | Depths:4 | Noticed a golden dragon
 67425 | Depths:4 | Killed a golden dragon
 67623 | Depths:4 | Received a gift from Okawaru
 68260 | Depths:4 | Killed from afar by a deep elf high priest

Vault maps used:
D:1:      dpeg_arrival_renting
D:2:      lemuel_doored_altar, fiery_altar_vehumet, first_bread
D:3:      overflow_temple_1_default, portal_sewer_entry_c
D:4:      gammafunk_temple_overflow_elements, uniq_edmund
D:5:      serial_shops, nicolae_shop_competitors_out_of_business
D:6:      lemuel_coloured_pillars_altar, led_sif_pool
D:7:      grunt_pakellas_basics, kennysheep_mini_moat,
          minmay_temple_entry_statues, nicolae_ashenzari_panopticon
D:8:      overflow_temple_1_default, amethyst_overflow_temple_binary
D:9:      kennysheep_little_box, hangedman_fish_farm
D:10:     david_lair_shrubbed, fedhas_altar_1, uniq_joseph
D:12:     david_orc_4, serial_shops, shop, shop, nicolae_shop_crystal,
          nicolae_shop_crystal, nicolae_shop_crystal, serial_bayou_lagoon_a
D:13:     enter_bailey_3
D:14:     grunt_vaults_entry_fortified, minivault_25, spider_trap,
          lemuel_mausoleum_altar_yredelemnul
D:15:     gammafunk_depths_entry_grave, dk_noncrumbling_3, elyvilon_altar_5,
          uniq_nessos
Lair:1:   grunt_megastairs_1, uniq_nergalle
Lair:2:   minmay_lindwurm_lava, uniq_fannar
Lair:3:   nicolae_swamp_entry_splash_gauntlet, grunt_megastairs_5,
          bh_autumn_forest_stairs
Lair:4:   minmay_hedge_maze, infiniplex_staircase_pool
Lair:5:   dummy_spider_entry, st_stairs_6
Lair:7:   minivault_27, grunt_megastairs_4
Lair:8:   minmay_lair_end_enchanted_forest, minmay_slime_entry_oklob_open,
          portal_ice_cave_entry_animals_and_master
Swamp:1:  hangedman_swamp_lotus, uniq_louise
Swamp:2:  nicolae_swamp_very_dense_foliage
Swamp:3:  serial_swamp_ruin, evilmike_swamp_ruin_wall,
          evilmike_swamp_ruin_house_2, evilmike_swamp_ruin_house_4
Swamp:4:  swamp_alternative, swamp_pool1, uniq_aizul, uniq_donald
Spider:1: uniq_azrael
Spider:2: uniq_arachne
Spider:4: grunt_spider_rune_circles, uniq_kirke
Orc:1:    basic_altar, uniq_harold, uniq_erica
Orc:2:    pf_orc_diabolical, uniq_josephine
Elf:1:    elf_arrival_002, kennysheep_underground_church,
          minmay_misc_feat_alley, wad_floor_pattern_2, grunt_ministairs_8,
          minmay_elf_demonology, uniq_agnes
Elf:2:    serial_shops, shop
Elf:3:    elf_hall, enter_trove_5
Vaults:1: ontoclasm_vaults_idyll, hangedman_vaults_corner,
          ontoclasm_vaults_hangar, v_misc_8,
          vaults_room_grunt_arrival_checkpoint, grunt_vaults_funnel, v_misc_19,
          st_cross, hangedman_vaults_hat, hangedman_vaults_cutoff,
          hangedman_vaults_trim, vaults_dpeg_diagonal
Vaults:2: v_misc_33, ontoclasm_vaults_gallery, minmay_crypt_entry_necro_gods,
          v_alt_pattern_2, dpeg_vaults_monster_row, v_misc_2,
          nicolae_vaults_theta, hangedman_vaults_stretched_pinwheel, v_misc_32,
          vaults_room_hallway, basic_altar, serial_shops,
          nicolae_shop_overgrown_old_shop
Vaults:3: ontoclasm_vaults_spin, ontoclasm_vaults_claustrophobia,
          nicolae_vaults_hallways_thing, vaults_room_grid,
          nicolae_vaults_lopsided_apartments, v_misc_14, v_misc_28,
          nicolae_vaults_twisting_passages, grunt_vaults_hallway_long,
          ontoclasm_vaults_ring_small, nicolae_vaults_theta, uniq_frederick,
          uniq_mara
Vaults:4: ontoclasm_vaults_ligature, v_misc_4, ontoclasm_vaults_decontamination,
          v_misc_30, nicolae_vaults_ring_of_whatevers, st_quartered_hall,
          grunt_vaults_twisty, uniq_jory, uniq_boris, uniq_saint_roka
Depths:1: serial_shops, nicolae_shop_overgrown_old_shop, hellmouth_3,
          abyss_entry, minmay_misc_feat_hallway,
          serial_sigils_hangedman_confine, lightli_giant_bouncers, uniq_wiglaf
Depths:2: evilmike_cross, hell_entry, kennysheep_pointless_box, serial_shops,
          shop, small_chamber_with_monster, lemuel_flamethrower_3,
          infiniplex_staircase_pillars_1
Depths:3: minmay_split_circle, pan_entry, fountainhead, hell_entry,
          grunt_absolute_annihilation, uniq_nikola
Depths:4: little_maze_vault, enter_ziggurat_c, pf_hell_entry_tar_river,
          nicolae_abyss_entry_one_way_or_another, nicolae_wwwww, serial_shops,
          nicolae_shop_stone, nicolae_shop_stone, shop, shop,
          nicolae_shop_stone, infiniplex_staircase_river
Abyss:3:  hangedman_abyss_mock_shop
Sewer:    sewer_co_cracked_pipes
Bailey:   bailey_polearm_2, bailey
IceCv:    ice_cave_statue_garden_02

Skill      XL: |  1  2  3  4  5  6  7  8  9 10 11 12 13 14 15 16 17 18 19 20 21 22 |
---------------+-------------------------------------------------------------------+-----
Dodging        | 3 4 7 8 9 10 11 | 11.9
Unarmed Combat | 4 7 8 9 10 11 12 13 | 13.2
Armour         | 1 2 5 6 7 8 9 10 14 15 | 15.4
Fighting       | 4 7 14 | 14.5
Invocations    | 1 2 8 |  8.0
Spellcasting   | 2 4 6 7 8 9 10 11 13 14 | 14.0
Transmutations | 6 7 9 10 | 10.2
Shields        | 4 6 8 13 17 18 | 18.5
Hexes          | 5 11 14 15 | 15.5
Stealth        | |  1.7

Action                   |  1- 3 |  4- 6 |  7- 9 | 10-12 | 13-15 | 16-18 | 19-21 | 22-24 || total
-------------------------+-------+-------+-------+-------+-------+-------+-------+-------++-------
Melee: Unarmed           |   132 |   186 |   271 |   836 |  1819 |  2421 |  2719 |   913 ||  9297
       War axe           |       |       |       |       |    11 |    81 |       |       ||    92
 Fire: Blowgun           |       |     2 |     5 |    11 |     2 |       |       |       ||    20
Throw: Throwing net      |       |       |     1 |       |       |     3 |     1 |       ||     5
       Tomahawk          |       |       |       |     3 |     5 |       |       |       ||     8
 Cast: Blade Hands       |       |       |       |       |     4 |     3 |    14 |       ||    21
       Repel Missiles    |       |       |       |       |     1 |     3 |     6 |       ||    10
       Confuse           |       |       |       |       |       |   100 |    27 |     4 ||   131
       Tukima's Dance    |       |       |       |       |       |    36 |   138 |    28 ||   202
       Apportation       |       |       |       |       |       |       |     2 |       ||     2
       Silence           |       |       |       |       |       |       |     1 |       ||     1
Invok: Heroism           |       |     2 |     6 |    27 |    33 |    45 |    48 |    23 ||   184
       Finesse           |       |       |       |     8 |     6 |     2 |     6 |     2 ||    24
Evoke: Wand              |       |       |    10 |    32 |    12 |    33 |    12 |     8 ||   107
       Phial of floods   |       |       |       |       |     4 |     5 |     1 |       ||    10
       Rod               |       |       |       |       |     4 |     1 |       |       ||     5
       Sack of spiders   |       |       |       |       |       |    23 |       |     3 ||    26
       Stone of tremors  |       |       |       |       |       |     2 |     1 |       ||     3
       Fan of gales      |       |       |       |       |       |       |     1 |     1 ||     2
       Lamp of fire      |       |       |       |       |       |       |     1 |     1 ||     2
  Use: Scroll            |    11 |     5 |     9 |     5 |    16 |    22 |    22 |     5 ||    95
       Potion            |       |     1 |     1 |     3 |     8 |    11 |     4 |     2 ||    30
 Stab: Sleeping          |     1 |       |     2 |     5 |     8 |     3 |     6 |       ||    25
       Distracted        |       |     1 |       |       |     4 |    13 |    21 |     6 ||    45
       Invisible         |       |     1 |       |       |     5 |     6 |       |       ||    12
       Held in net/web   |       |       |     2 |       |       |       |     2 |       ||     4
       Confused          |       |       |       |     6 |       |    44 |    11 |       ||    61
  Eat: Chunk             |     4 |     8 |    14 |    14 |    39 |    19 |    38 |     8 ||   144
       Beef jerky        |       |     1 |       |     5 |     3 |     2 |     3 |       ||    14
       Fruit             |       |       |       |     5 |       |     3 |       |       ||     8
       Pizza             |       |       |       |     1 |     1 |     3 |     1 |     4 ||    10
       Royal jelly       |       |       |       |       |     4 |    15 |     1 |     1 ||    21
       Bread ration      |       |       |       |       |       |     3 |     3 |       ||     6
